Construct Infanterie Kompanie
Construct Panzergrenadier Kompanie
Pak 40 Anti-tank Gun Team
Selects Mechanized Battlegroup
Selects 8 Rad Armored Car
Nebelwerfer 42 Rocket Launcher Team
Selects UNKNOWN (2160084)
Selects Wespe Self-propelled Artillery
Construct Panzer Kompanie
Nebelwerfer 42 Rocket Launcher Team
Selects Zeroing Artillery Barrage
Zeroing Artillery Barrage
Zeroing Artillery Barrage
Zeroing Artillery Barrage
Zeroing Artillery Barrage
Zeroing Artillery Barrage
Zeroing Artillery Barrage
Zeroing Artillery Barrage